 Dungeon Crawl Stone Soup version 0.22-a0-570-g58866f5d57 (webtiles) character file.

1806 Lentor the Covered (level 8, 0/70 HPs)
             Began as a Minotaur Fighter on Oct 26, 2017.
             Was a Believer of Makhleb.
             Slain by Erica
             ... wielding a +1 scimitar of flaming
              (3 damage)
             ... on level 8 of the Dungeon on June 30, 2018.
             The game lasted 00:31:36 (5895 turns).

Lentor the Covered (Minotaur Fighter)               Turns: 5895, Time: 00:31:36

Health: 0/70       AC: 12    Str: 23    XL:     8   Next: 84%
Magic:  16/16      EV: 10    Int:  5    God:    Makhleb [**....]
Gold:   240        SH: 10    Dex: 10    Spells: 7/7 levels left

rFire    . . .     SeeInvis .   G - +0 long sword
rCold    . . .     Gourm    .   c - +0 shield
rNeg     . . .     Faith    .   b - +1 scale mail
rPois    .         Spirit   .   (helmet restricted)
rElec    .         Reflect  .   D - +0 cloak
rCorr    .         Harm     .   I - +0 pair of gloves
MR       .....                  (no boots)
Stlth    +.........             k - amulet of regeneration
HPRegen  0.61/turn              u - ring of magical power
MPRegen  0.15/turn              o - +1 ring of protection

@: no status effects
A: retaliatory headbutt, horns 2
a: Minor Destruction, Renounce Religion


You were on level 8 of the Dungeon.
You worshipped Makhleb.
Makhleb was pleased with you.
You were not hungry.

You visited 2 branches of the dungeon, and saw 9 of its levels.

You collected 240 gold pieces.

Inventory:

Hand Weapons
 G - a +0 long sword (weapon)
Armour
 b - a +1 scale mail (worn)
 c - a +0 shield (worn)
 D - a +0 cloak (worn)
 I - a +0 pair of gloves (worn)
Jewellery
 k - an amulet of regeneration (around neck)
 l - an uncursed ring of protection from fire
 o - a +1 ring of protection (right hand)
 u - a ring of magical power (left hand)
 v - an uncursed ring of fire
Wands
 C - a wand of disintegration (16)
Scrolls
 a - a scroll of immolation {unknown}
 j - a scroll of enchant armour
 n - a scroll of teleportation
 p - a scroll of amnesia {unknown}
 q - 3 scrolls of random uselessness {unknown}
 x - 2 scrolls of remove curse
 y - a scroll of fear {unknown}
 B - a scroll of magic mapping
 E - a scroll of identify
 F - a scroll of summoning {unknown}
Potions
 d - a potion of might
 e - a potion of agility {unknown}
 g - 2 potions of mutation {unknown}
 m - a potion of invisibility {unknown}
 r - 2 potions of haste
 t - 3 potions of berserk rage {unknown}
 w - 6 potions of curing {unknown}
 z - 5 potions of heal wounds {unknown}
 A - a potion of lignification {unknown}
 H - 2 potions of resistance {unknown}
Comestibles
 f - 11 rations
 h - 3 rations
 i - a ration
 s - 2 rations


   Skills:
 + Level 5.6 Fighting
   Level 3.7(5.0) Short Blades
 + Level 5.6(6.2) Long Blades
   Level 0.4 Axes
 - Level 0.6 Throwing
 + Level 7.4 Armour
 + Level 3.6 Dodging
 - Level 3.5 Stealth
 + Level 6.9 Shields


You had 7 spell levels left.
You didn't know any spells.
Your spell library contained the following spells:

 Spells                   Type           Power        Failure   Level  Hunger
 Magic Dart               Conj           #...         98%         1    ##.....
 Iskenderun's Mystic Bla  Conj           #.......     100%        4    #####..
 Fulminant Prism          Conj/Hex       #.........   100%        4    #####..
 Dazzling Spray           Conj/Hex       #.....       100%        3    ####...
 Force Lance              Conj/Tloc      #.......     100%        4    #####..
 Searing Ray              Conj           #.....       99%         2    ###....


Dungeon Overview and Level Annotations

Branches:
Dungeon (8/15)             Temple (1/1) D:5
   Lair: D:8-11

Altars:
Ashenzari
Cheibriados
Dithmenos
Elyvilon
Fedhas
Gozag
Hepliaklqana
Kikubaaqudgha
Makhleb
Nemelex Xobeh
Okawaru
Ru
Trog
Uskayaw
Vehumet
Wu Jian
Xom
Yredelemnul
Zin
The Shining One

Shops:
D:8 }

Annotations:
D:8 Erica


Innate Abilities, Weirdness & Mutations

You reflexively headbutt those who attack you in melee.
You have a pair of horns on your head.


Message History

You closely miss something. Something hits you. Something burns you.
You hit something. Your headbutt misses something.
You feel sick.
You hear some strange, mumbled words.
An orb of energy appears from out of thin air!
The orb of energy hits you!
* * * LOW HITPOINT WARNING * * *
You closely miss something. You headbutt something! Something hits you!
* * * LOW HITPOINT WARNING * * *
Something burns you.
* * * LOW HITPOINT WARNING * * *
You hit something but do no damage. Your headbutt misses something.
You block something's attack.
You hit something but do no damage.
You feel sick.
You are no longer poisoned.
You hear some strange, mumbled words.
Something tries to affect you, but you resist.
You barely miss something. You headbutt something!
You block something's attack.
You barely miss something. Something hits you.
You die...

#...............
#...............
.......(........
.......†....##..
#.........
#∩......#
#......#_#
#.{.....#.
#.@.......
#......##.
#.........
#......###
#......#
#......#
########


There were no monsters in sight!

Vanquished Creatures
  A hippogriff (D:7)
  A spriggan (D:7)
  Menkaure (D:4)
  Duvessa (D:7)
  An ice beast (D:5)
  An ogre (D:4)
  A centaur (D:6)
  2 bullfrogs (D:7)
  Dowan (D:7)
  A scorpion (D:4)
  2 howler monkeys (D:8)
  2 crimson imps
  A centaur zombie (D:6)
  A hound (D:7)
  A jelly (D:5)
  A bullfrog skeleton (D:5)
  3 orc wizards (D:5)
  An orc priest (D:6)
  Crazy Yiuf (D:4)
  An iguana (D:5)
  5 worker ants
  3 gnolls
  7 adders
  3 oozes
  2 adder skeletons
  4 worms
  2 dart slugs (D:1)
  4 leopard geckos
  15 orcs
  6 bats
  6 giant cockroaches
  6 goblins
  9 hobgoblins
  3 jackals (D:1)
  3 quokkas
  A ball python (D:2)
  2 frilled lizards
  A jackal zombie (D:5)
  10 kobolds
  A quokka skeleton (D:5)
  7 rats
125 creatures vanquished.

Notes
Turn   | Place    | Note
-------+----------+-------------------------------------------
     0 | D:1      | Lentor the Minotaur Fighter began the quest for the Orb.
     0 | D:1      | Reached XP level 1. HP: 19/19 MP: 0/0
   269 | D:1      | Reached XP level 2. HP: 27/27 MP: 1/1
   330 | D:1      | Reached skill level 4 in Armour
   555 | D:1      | Reached XP level 3. HP: 32/33 MP: 2/2
   561 | D:1      | Reached skill level 1 in Stealth
  1305 | D:2      | Reached XP level 4. HP: 40/40 MP: 3/3
  1758 | D:2      | Found a burning altar of Makhleb.
  1763 | D:2      | Became a worshipper of Makhleb the Destroyer
  1798 | D:2      | Reached skill level 1 in Dodging
  2361 | D:3      | Reached skill level 1 in Short Blades
  2457 | D:3      | Reached XP level 5. HP: 46/46 MP: 4/4
  2574 | D:5      | Entered Level 5 of the Dungeon
  2599 | D:4      | Found a runed door.
  2603 | D:4      | Noticed Crazy Yiuf
  2609 | D:4      | Killed Crazy Yiuf
  2715 | D:4      | Noticed an ogre
  2720 | D:4      | Killed an ogre
  2762 | D:4      | Noticed Menkaure
  2776 | D:4      | Killed Menkaure
  2776 | D:4      | Reached skill level 5 in Armour
  2776 | D:4      | Reached XP level 6. HP: 17/52 MP: 5/5
  2850 | D:4      | Reached skill level 5 in Shields
  2982 | D:4      | Found a glowing golden altar of the Shining One.
  3045 | D:5      | Found a staircase to the Ecumenical Temple.
  3052 | D:5      | Reached * piety under Makhleb
  3102 | Temple   | Entered the Ecumenical Temple
  3682 | D:5      | Reached XP level 7. HP: 58/60 MP: 6/6
  3762 | D:5      | Found a blossoming altar of Fedhas.
  3792 | D:5      | Found a radiant altar of Vehumet.
  4055 | D:5      | Got an iridescent war axe
  4057 | D:5      | Identified the cursed +1 war axe "Dragonslayer" {elec, +Blink} (You found it on level 5 of the Dungeon)
  4261 | D:5      | Found a sacrificial altar of Ru.
  4742 | D:6      | Reached skill level 6 in Armour
  4843 | D:6      | Found a snail-covered altar of Cheibriados.
  5220 | D:7      | Reached skill level 5 in Fighting
  5282 | D:7      | Reached ** piety under Makhleb
  5282 | D:7      | Reached XP level 8. HP: 68/68 MP: 7/7
  5345 | D:7      | Found a sparkling altar of Nemelex Xobeh.
  5370 | D:7      | Found a glowing silver altar of Zin.
  5549 | D:7      | Reached skill level 7 in Armour
  5585 | D:7      | Noticed a hippogriff
  5592 | D:7      | Killed a hippogriff
  5605 | D:7      | Noticed Duvessa
  5605 | D:7      | Noticed Dowan
  5615 | D:7      | Killed Duvessa
  5615 | D:7      | Reached skill level 5 in Long Blades
  5627 | D:7      | Killed Dowan
  5774 | D:7      | Noticed a moth of wrath
  5777 | D:7      | Found a bloodstained altar of Trog.
  5855 | D:8      | Found an iron altar of Okawaru.
  5855 | D:8      | Found Fintu's Gadget Shoppe.
  5870 | D:8      | Noticed Erica
  5891 | D:8      | HP: 3/70 [something (9)]
  5891 | D:8      | HP: 1/70 [something (2)]
  5895 | D:8      | Slain by Erica

Vault maps used:
D:1:      sevenhm_arrival_forest_fort_large_4
D:2:      lightli_temple_of_fire
D:4:      nicolae_tso_swordbearing_angel, first_bread, uniq_crazy_yiuf_cottage,
          uniq_menkaure
D:5:      lemuel_doored_altar, vehumet_altar_wand_db,
          lemuel_coloured_pillars_altar, minmay_temple_entry_glass
D:6:      kennysheep_little_box
D:7:      tgw_trog, basic_altar, the_bakery, minmay_splitting_lines,
          nemelex_spade_bored_becter, uniq_duvessa
D:8:      lemuel_blue_sif_altar, serial_shops, shop, shop, shop,
          roderic_nine_men_s_morris, okawaru_metal_pillars_1_2, uniq_erica
Temple:   oiseaux_autumnal_temple

Skill      XL: |  1  2  3  4  5  6  7  8 |
---------------+-------------------------+-----
Armour         | 4 5 6 7 |  7.4
Fighting       | 4 5 |  5.6
Stealth        | 1 2 3 |  3.5
Shields        | 4 5 6 |  6.9
Dodging        | 1 2 3 |  3.6
Short Blades   | 1 2 3 |  3.7
Long Blades    | 3 5 |  5.6
Axes           | |  0.4
Throwing       | |  0.6

Action                   |  1- 3 |  4- 6 |  7- 9 || total
-------------------------+-------+-------+-------++-------
Melee: Long sword        |    64 |       |   126 ||   190
       Headbutt          |    13 |    19 |    35 ||    67
       Short sword       |    21 |    99 |    47 ||   167
       War axe           |       |       |    17 ||    17
       Hand axe          |       |       |     7 ||     7
Throw: Stone             |     9 |     5 |       ||    14
Invok: Minor Destruction |       |       |     1 ||     1
  Use: Scroll            |     3 |     5 |     2 ||    10
       Potion            |       |       |     1 ||     1
  Eat: Chunk             |     1 |     6 |     7 ||    14
       Buggy jelly       |       |     1 |       ||     1
Armor: Scale mail        |    42 |    26 |    93 ||   161
Dodge: Dodged            |    34 |    23 |    76 ||   133
Block: Shield            |    46 |    39 |   108 ||   193
       Rpst.: Long sword |     9 |       |     9 ||    18

Table legend:
 A = Spawn XP
 B = Non-spawn XP
 C = Spawn XP percentage of total XP
 D = Spawn monster count
 E = Non-spawn monster count
 F = Spawn count percentage of total count
 G = Total turns spent on level
                    A         B        C        D         E        F      G
               +---------+---------+-------+---------+---------+-------+---------
         Total |       0 |    2581 |   0.0 |       0 |     125 |   0.0 |  5895
               +---------+---------+-------+---------+---------+-------+---------
           D:1 |       0 |      50 |   0.0 |       0 |      24 |   0.0 |  1096
           D:2 |       0 |      82 |   0.0 |       0 |      21 |   0.0 |   826
           D:3 |       0 |      36 |   0.0 |       0 |      15 |   0.0 |   720
           D:4 |       0 |     488 |   0.0 |       0 |      11 |   0.0 |   850
           D:5 |       0 |     523 |   0.0 |       0 |      26 |   0.0 |   892
           D:6 |       0 |     220 |   0.0 |       0 |       7 |   0.0 |   580
           D:7 |       0 |    1039 |   0.0 |       0 |      18 |   0.0 |   637
           D:8 |       0 |     143 |   0.0 |       0 |       3 |   0.0 |    40
               +---------+---------+-------+---------+---------+-------+---------
